 Dungeon Crawl Stone Soup version 0.30.1-11-g7821555f0a (webtiles) character file.

Game seed: 14911534419580528452

683 lonewolfV2 the Trooper (level 7, -3/59 HPs)
             Began as a Formicid Fighter on Nov 2, 2023.
             Slain by Prince Ribbit (13 damage)
             ... on level 5 of the Dungeon.
             The game lasted 00:09:18 (4716 turns).

lonewolfV2 the Trooper (Formicid Fighter)           Turns: 4716, Time: 00:09:19

Health: -3/59      AC: 11    Str: 21    XL:     7   Next: 93%
Magic:  7/7        EV:  9    Int:  7    God:
Gold:   457        SH:  5    Dex: 15    Spells: 6/6 levels left

rFire   . . .        a - +0 war axe (elec)
rCold   . . .        c - +0 buckler
rNeg    . . .        b - +0 scale mail
rPois   .            (helmet unavailable)
rElec   .            (no cloak)
rCorr   +            h - +0 pair of gloves
SInv    +            l - +2 pair of boots
Will    .....        k - amulet of faith Stlth
                     o - ring of resist corrosion
HPRegen 0.29/turn    (no ring)
MPRegen 0.10/turn

%: faith
@: no status effects
A: permanent stasis, dig shafts and tunnels, antennae 3, four strong arms
a: Dig, Shaft Self


You were on level 5 of the Dungeon.
You visited 1 branch of the dungeon, and saw 6 of its levels.

You collected 457 gold pieces.

Inventory:

Hand Weapons
 a - a +0 war axe of electrocution (weapon)
Missiles
 g - 2 silver javelins
 s - a throwing net
Armour
 b - a +0 scale mail (worn)
 c - a +0 buckler (worn)
 h - a +0 pair of gloves (worn)
 l - a +2 pair of boots (worn)
Jewellery
 k - an amulet of faith (around neck)
 o - a ring of resist corrosion (left hand)
Wands
 t - a wand of flame (33)
Scrolls
 f - 3 scrolls of blinking
 j - 2 scrolls of silence
 n - 3 scrolls of enchant weapon
 p - a scroll of identify
Potions
 d - 5 potions of might
 e - a potion of lignification
 i - a potion of cancellation
 m - a potion of flight
 q - a potion of haste
 u - a potion of brilliance
 w - a potion of curing


   Skills:
 + Level 6.6 Fighting
 + Level 6.4 Axes
 - Level 3.2 Armour
 - Level 4.0 Shields


You had 6 spell levels left.
You didn't know any spells.
Your spell library contained the following spells:

 Spells                   Type           Power      Damage    Failure   Level
 Lesser Beckoning         Tloc           0%         N/A       93%         2
 Momentum Strike          Conj/Tloc      0%         3d8       93%         2
 Tukima's Dance           Hex            0%         N/A       99%         3
 Passage of Golubria      Tloc           0%         N/A       100%        4
 Yara's Violent Unravell  Hex/Tmut       0%         3d3       100%        5
 Blink                    Tloc           Unusable   N/A       N/A         2

Dungeon Overview and Level Annotations

Branches:
Dungeon (6/15)
 Temple: D:4-7

Altars:
Ashenzari

Shops:
D:3 [   D:5 :[:?

Annotations:
D:5 2 runed translucent doors, Prince Ribbit; lonewolfV2's ghost, novice DsFi


Innate Abilities, Weirdness & Mutations

You cannot be hasted, slowed, berserked, paralysed or teleported.
You can dig through walls and to a lower floor.
You have a pair of large antennae on your head. (SInv)
Your four strong arms can wield two-handed weapons with a shield.


Message History

Prince Ribbit barely misses you.
Prince Ribbit blinks!
An orc wizard comes into view.
It is wielding a +0 dagger of protection and carrying a wand of polymorph (3).
Prince Ribbit misses you.
Prince Ribbit blinks!
The orc wizard zaps a wand.
You easily resist.
Prince Ribbit blinks!
The orc wizard zaps a wand.
You easily resist.
There is a stone staircase leading up here.
Prince Ribbit hits you!
The orc wizard zaps a wand.
You easily resist.
The now-empty wand crumbles to dust.
You barely miss Prince Ribbit.
Prince Ribbit is heavily wounded.
You block Prince Ribbit's attack. Prince Ribbit closely misses you.
You barely miss Prince Ribbit.
Prince Ribbit is heavily wounded.
Prince Ribbit hits you! Prince Ribbit closely misses you.
You miss Prince Ribbit.
Prince Ribbit is heavily wounded.
Prince Ribbit hits you! The orc wizard casts a spell at you.
You easily resist.
Prince Ribbit hits you but does no damage.
There is a stone staircase leading up here.
The orc wizard hits you but does no damage.
Prince Ribbit barely misses you.
You climb upwards.
Level annotation: 2 runed translucent doors, lonewolfV2's ghost, novice DsFi
There is a stone staircase leading down here.
You miss Prince Ribbit.
Prince Ribbit is heavily wounded.
You barely miss the orc wizard. Prince Ribbit hits you.
The orc wizard casts a spell at you.
You easily resist.
Prince Ribbit barely misses you. The orc wizard barely misses you.
You closely miss Prince Ribbit.
Prince Ribbit is heavily wounded.
You hit the orc wizard.
Prince Ribbit lets out a mournful croak.
Prince Ribbit hits you!
* * * LOW HITPOINT WARNING * * *
The orc wizard closely misses you. Prince Ribbit hits you!
You die...

############ #####
##........[.## #...##
##............## .....##
#..............# ......#
########.....<........#
......#
#.....................#
......#
#......o..............#
.....##
#.....@F..............#
......#
#....................##
###...#
#...................##
..#...##
##............########
..#....###.............#
..#.#........÷.........####
..#.......................#
..#.....##............'++.#
###..##.####..........'∩'.#


You could see Prince Ribbit and an orc wizard.

Vanquished Creatures
  Menkaure (D:4)
  A bullfrog (D:3)
  2 hounds (D:5)
  2 sleepcaps
  3 iguanas (D:5)
  12 gnolls
  7 adders
  An ufetubus (D:4)
  2 worms
  2 dart slugs
  2 orcs
  5 endoplasms
  A giant cockroach (D:1)
  34 goblins
  24 hobgoblins
  2 jackals (D:5)
  9 kobolds
  A quokka (D:2)
  A ball python (D:3)
  4 bats
  4 frilled lizards
  3 rats
123 creatures vanquished.

Notes
Turn   | Place    | Note
-------+----------+-------------------------------------------
     0 | D:1      | lonewolfV2 the Formicid Fighter began the quest for the
                  | Orb.
     0 | D:1      | Reached XP level 1. HP: 18/18 MP: 1/1
   108 | D:1      | Reached XP level 2. HP: 13/24 MP: 2/2
   759 | D:2      | Reached XP level 3. HP: 30/30 MP: 3/3
   956 | D:2      | Identified the +0 robe of Tentacled the Leaf {Rampage
                  | rCorr}
  1254 | D:3      | Reached XP level 4. HP: 37/37 MP: 4/4
  1332 | D:3      | Found Kotoazon's Armour Emporium.
  1956 | D:3      | Reached XP level 5. HP: 5/42 MP: 5/5
  2825 | D:3      | Noticed a bullfrog
  2833 | D:3      | Killed a bullfrog
  2834 | D:3      | Reached skill level 5 in Fighting
  2834 | D:3      | Reached skill level 5 in Axes
  2834 | D:3      | Reached XP level 6. HP: 51/51 MP: 6/6
  3630 | D:4      | Found a broken altar of Ashenzari.
  3711 | D:4      | Noticed Menkaure
  3721 | D:4      | Killed Menkaure
  3722 | D:4      | Reached XP level 7. HP: 45/58 MP: 7/7
  4091 | D:5      | Entered Level 5 of the Dungeon
  4104 | D:5      | Found Qaompept's Book Emporium.
  4260 | D:5      | Found Gust's Armour Emporium.
  4386 | D:5      | Found a large runed translucent door.
  4386 | D:5      | Found a large runed translucent door.
  4388 | D:5      | Noticed lonewolfV2's ghost (novice DsFi)
  4476 | D:5      | Found Xyuduseo's Magic Scroll Boutique.
  4599 | D:5      | Found Raodgh's Book Emporium.
  4700 | D:6      | Noticed Prince Ribbit
  4716 | D:5      | Slain by Prince Ribbit

Illustrated notes

Levels and vault maps discovered:
D:1:      mrwooster_arrival_arrow, layout_loops_cross
D:2:      layout_rooms, corexii_shack
D:3:      minmay_goblin_kobold_castle, layout_rooms, serial_shops, shop
D:4:      layout_basic, mainiacjoe_overflow_surrounded_room, uniq_menkaure
D:5:      layout_rooms, serial_shops, nicolae_shop_pleasant_corner_grove, shop,
          nicolae_shop_tiny_real_fake_doors, kennysheep_little_box,
          ebering_ghost_disaster_area
D:6:      layout_rooms, minmay_temple_entry_drinking_statues, uniq_sigmund,
          uniq_prince_ribbit1, uniq_maggie

Skill      XL: |  1  2  3  4  5  6  7 |
---------------+----------------------+-----
Axes           | 3 4 5 6 |  6.4
Fighting       | 4 5 6 |  6.6
Armour         | |  3.2
Shields        | |  4.0

Action                     |  1- 3 |  4- 6 |  7- 9 || total
---------------------------+-------+-------+-------++-------
  Melee: War axe           |   101 |   171 |    56 ||   328
    Use: Scroll            |     7 |     3 |     4 ||    14
         Potion            |       |     1 |       ||     1
 Armour: Scale mail        |    47 |   135 |    28 ||   210
         Skin              |       |    59 |       ||    59
  Dodge: Dodged            |    50 |   119 |    30 ||   199
  Block: Buckler           |    33 |    78 |     6 ||   117
